 Dungeon Crawl Stone Soup version 0.27-a0-1149-g4505690ab0 (webtiles) character file.

Game seed: 2279794547058279629

4 kae the Skirmisher (level 1, -1/18 HPs)
             Began as a Demonspawn Fighter on May 12, 2021.
             Slain by a kobold
             ... wielding a +0 whip
              (4 damage)
             ... on level 1 of the Dungeon.
             The game lasted 00:00:05 (64 turns).

kae the Skirmisher (Demonspawn Fighter)               Turns: 64, Time: 00:00:05

Health: -1/18      AC:  6    Str: 16    XL:     1   Next: 58%
Magic:  1/1        EV:  6    Int:  9    God:
Gold:   13         SH:  8    Dex: 12    Spells: 0/0 levels left

rFire    . . .     SeeInvis .   a - +0 long sword
rCold    . . .     Faith    .   c - +0 kite shield
rNeg     . . .     Spirit   .   b - +0 scale mail
rPois    .         Reflect  .   (no helmet)
rElec    .         Harm     .   (no cloak)
rCorr    .         Rampage  .   (no gloves)
Will     .....                  (no boots)
Stlth    ..........             (no amulet)
HPRegen  0.06/turn              (no ring)
MPRegen  0.07/turn              (no ring)

@: no status effects
A: no striking features
a: no special abilities


You were on level 1 of the Dungeon.
You visited 1 branch of the dungeon, and saw 1 of its levels.

You collected 13 gold pieces.

Inventory:

Hand Weapons
 a - a +0 long sword (weapon)
Armour
 b - a +0 scale mail (worn)
 c - a +0 kite shield (worn)
Scrolls
 e - a scroll of fog {unknown}
Potions
 d - a potion of might


   Skills:
 + Level 3.1 Fighting
 * Level 2.1 Long Blades
 - Level 2.6 Armour
 - Level 2.6 Shields


You couldn't memorise any spells.
You didn't know any spells.
Your spell library was empty.

Dungeon Overview and Level Annotations

Branches:
Dungeon (1/15)

Altars:


Message History

The kobold shouts!
You hit the ball python.
You kill the ball python!
You hear a shout!
The giant cockroach bites you but does no damage.
A kobold comes into view. It is wielding a +0 whip.
The giant cockroach closely misses you.
You riposte.
You hit the giant cockroach.
The giant cockroach is severely wounded.
The dart slug launches a dart at you. You block the slug dart.
There are monsters nearby!
You closely miss the giant cockroach.
The giant cockroach is severely wounded.
You block the giant cockroach's attack. The dart slug launches a dart at you.
The slug dart hits you. You block the giant cockroach's attack.
You are too injured to fight recklessly!
You are too injured to fight recklessly!
You are too injured to fight recklessly!
The giant cockroach waves its antennae.
You closely miss the hobgoblin. You block the hobgoblin's attack. x2
You hit the hobgoblin but do no damage. You block the hobgoblin's attack.
You hit the hobgoblin.
You kill the hobgoblin!
You block the giant cockroach's attack.
Your Long Blades skill increases to level 2!
You closely miss the giant cockroach.
The giant cockroach is severely wounded.
The giant cockroach bites you but does no damage.
You block the giant cockroach's attack.
Your scale mail prevents you from hitting the giant cockroach.
The giant cockroach is severely wounded.
The giant cockroach bites you. You block the giant cockroach's attack.
You slash the giant cockroach!
You kill the giant cockroach!
You closely miss the kobold. The kobold hits you with a +0 whip.
* * * LOW HITPOINT WARNING * * *
The kobold hits you with a +0 whip.
You die...

.......
#.....###..
#.###.w........
...............
#KK# #..# #..#
##.###..#####
.......wKK@.#
##.########.#
#.# ##.#
#.######..#
#........##
#.####.....##.##
#....>........
#.###'#####.##


You could see a dart slug and 2 kobolds.

Vanquished Creatures
  An endoplasm (D:1)
  A giant cockroach (D:1)
  A hobgoblin (D:1)
  A ball python (D:1)
4 creatures vanquished.

Notes
Turn   | Place    | Note
-------+----------+-------------------------------------------
     0 | D:1      | kae the Demonspawn Fighter began the quest for the Orb.
     0 | D:1      | Reached XP level 1. HP: 18/18 MP: 1/1
    64 | D:1      | Slain by a kobold

Illustrated notes

Levels and vault maps discovered:
D:1:      minmay_arrival_checkered_box, layout_loops_ring,
          shapermc_ecumenical_altar_mp_ritualfount

Skill      XL: |  1 |
---------------+----+-----
Long Blades    | 2 |  2.1
Fighting       | |  3.1
Armour         | |  2.6
Shields        | |  2.6

Action                   || total
-------------------------++-------
Melee: Long sword        ||    12
Armor: Scale mail        ||     2
Dodge: Dodged            ||     4
Block: Kite shield       ||    11
       Rpst.: Long sword ||     1

Table legend: (Time is in decaauts)
 A = Elapsed time spent in this place.
 B = Non-inter-level travel time spent in this place.
 C = Inter-level travel time spent in this place.
 D = Time resting spent in this place.
 E = Time spent auto-exploring this place.
 F = Levels seen in this place.
 G = Mean time per level.
                   A        B        C        D        E       F      G
               +--------+--------+--------+--------+--------+-----+--------+
         Total |     70 |     70 |      0 |      0 |     39 |   1 |   70.0 |
       Dungeon |     70 |     70 |      0 |      0 |     39 |   1 |   70.0 |
               +--------+--------+--------+--------+--------+-----+--------+

Top non-repeatable levels by time:
     D:1: 70 daAuts
